 Dungeon Crawl Stone Soup version 0.20-a0-1058-g0491fde (webtiles) character file.

5691 Ijustatesigmund the Fighter (level 10, -5/127 HPs)
             Began as a Barachi Fighter on Apr 26, 2017.
             Was a Follower of Cheibriados.
             Slain by a warg (8 damage)
             ... on level 8 of the Dungeon.
             The game lasted 00:33:44 (8295 turns).

Ijustatesigmund the Fighter (Barachi Fighter)       Turns: 8295, Time: 00:33:45

Health: -5/127     AC: 25    Str: 21    XL:     10   Next: 76%
Magic:  14/14      EV:  2    Int: 13    God:    Cheibriados [*.....]
Gold:   86         SH: 11    Dex: 15    Spells: 9/9 levels left

rFire    . . .     SeeInvis .   a - +3 long sword
rCold    . . .     Gourm    .   c - +0 shield
rNeg     + + +     Faith    .   (armour currently unavailable)
rPois    +         Spirit   .   (helmet currently unavailable)
rElec    .         Reflect  .   (cloak currently unavailable)
rCorr    .         Harm     .   (gloves currently unavailable)
MR       .....     NoTele   +   (boots currently unavailable)
Stlth    +.........             p - amulet of rage (curse)
Regen    0.4/turn               (no ring)
MPRegen  0.2/turn               (no ring)

@: tree-form, can't hop, very slow
A: +LOS, swims, strong 1
a: Bend Time, Renounce Religion, Evoke Berserk Rage


You were on level 8 of the Dungeon.
You worshipped Cheibriados.
Cheibriados was aware of your devotion.
You were hungry.
You were a tree.
You visited 2 branches of the dungeon, and saw 9 of its levels.

You collected 313 gold pieces.
You spent 227 gold pieces at shops.

Inventory:

Hand Weapons
 a - a +3 long sword (weapon)
Armour
 c - a +0 shield (worn)
 o - a +3 leather armour (melded)
 u - a +2 robe of poison resistance
 w - a +1 cloak (melded)
Jewellery
 i - an uncursed amulet of faith
 p - a cursed amulet of rage (around neck)
Wands
 b - a wand of random effects (27/48)
 d - a wand of polymorph (0/24)
 s - a wand of flame (16/48)
 v - a wand of lightning (0/15)
Scrolls
 j - a scroll of fog
 k - a scroll of amnesia
 y - a scroll of remove curse
Potions
 g - 3 potions of flight
Comestibles
 f - 5 bread rations
 m - 5 meat rations
 r - 5 royal jellies


   Skills:
 + Level 10.3 Fighting
 + Level 9.7 Long Blades
 - Level 5.4 Armour
 - Level 6.2 Dodging
 + Level 7.2 Shields
 * Level 5.7 Invocations


You had 9 spell levels left.
You didn't know any spells.

Dungeon Overview and Level Annotations

Branches:
Dungeon (8/15)             Temple (1/1) D:7
   Lair: D:8-11

Altars:
Ashenzari
Cheibriados
Dithmenos
Fedhas
Gozag
Hepliaklqana
Kikubaaqudgha
Makhleb
Nemelex Xobeh
Okawaru
Qazlal
Ru
Sif Muna
Trog
Uskayaw
Vehumet
Wu Jian
Xom
Yredelemnul
Zin
The Shining One

Shops:
D:4 :=   D:5 :}((*%   D:7 ???

Annotations:
D:8 Erica


Innate Abilities, Weirdness & Mutations

Shadows flee at your approach. (+LOS)
You can swim through water.
((You cover ground slowly.))
((You can hop short distances.))
Your muscles are strong. (Str +2)
((Your movements are slightly less encumbered by armour. (ER -2)))


Message History

You hit the two-headed ogre.
The two-headed ogre is lightly wounded.
The two-headed ogre barely misses you.
Okay, then.
You block the warg's attack. The warg closely misses you.
The warg bites you but does no damage. The warg bites you!
* * * LOW HITPOINT WARNING * * *
You block the warg's attack. The warg bites you but does no damage.
You block the warg's attack. The warg bites you!
* * * LOW HITPOINT WARNING * * *
You block the warg's attack.
You turn into a tree.
Your +1 cloak melds into your body.
Your +3 leather armour melds into your body.
Your roots penetrate the ground.
The warg bites you but does no damage. You block the warg's attack.
You hit the warg but do no damage. You block the warg's attack.
The warg bites you!
You die...

#########################
.........................
.........................
≈≈≈≈≈≈≈≈≈≈≈≈≈≈≈≈≈≈≈≈≈≈≈≈≈
≈≈≈≈≈≈≈≈≈≈≈≈≈≈≈≈≈≈≈≈≈≈≈≈≈
≈≈≈≈≈≈≈≈≈≈≈≈≈≈≈h≈≈≈≈≈≈≈≈≈
..............Oh♣........
#########################
. # #


You could see a two-headed ogre and 2 wargs.

Vanquished Creatures
  A two-headed ogre (D:8)
  Pikel (D:5)
  A human (D:7)
  4 hogs (D:7)
  Eustachio (D:6)
  The ghost of Shinoi the Poker, an amateur DsGl of Cheibriados (D:5)
  Edmund (D:5)
  11 wargs (D:8)
  3 water moccasins
  A swamp drake (D:8)
  An ice beast (D:6)
  2 ogres
  An orc warrior (D:6)
  A necrophage (D:7)
  A phantom (D:4)
  A centaur (D:7)
  Blork the orc (D:5)
  2 bullfrogs
  A scorpion (D:4)
  8 killer bees
  A howler monkey (D:7)
  A jelly (D:5)
  3 hounds
  2 orc priests
  An orc wizard (D:6)
  2 iguanas (D:6)
  6 worker ants
  A hound zombie (D:7)
  3 worker ant zombies
  4 gnolls (D:4)
  5 adders
  2 shadow imps
  An ooze (D:1)
  A worm (D:3)
  5 dart slugs
  4 leopard geckos
  28 orcs
  5 bats
  5 giant cockroaches
  4 goblins
  9 hobgoblins
  3 jackals (D:6)
  2 quokkas
  A ball python (D:5)
  9 frilled lizards
  A jackal zombie (D:7)
  4 kobolds
  8 rats
165 creatures vanquished.

Vanquished Creatures (others)
  A jelly (D:5)
  A leopard gecko (D:5)
  A quokka (D:5)
  3 plants (D:8)
6 creatures vanquished.

Grand Total: 171 creatures vanquished

Notes
Turn   | Place    | Note
-------+----------+-------------------------------------------
     0 | D:1      | Ijustatesigmund the Barachi Fighter began the quest for the Orb.
     0 | D:1      | Reached XP level 1. HP: 18/18 MP: 1/1
   174 | D:1      | Reached XP level 2. HP: 25/25 MP: 2/2
   251 | D:1      | Reached skill level 4 in Fighting
   423 | D:1      | Reached XP level 3. HP: 28/30 MP: 3/3
   776 | D:2      | Gained mutation: Your muscles are strong. (Str +2) [potion of mutation]
   776 | D:2      | Gained mutation: Your movements are slightly less encumbered by armour. (ER -2) [potion of mutation]
   784 | D:2      | Found a bloodstained altar of Trog.
  1144 | D:2      | Found a stormy altar of Qazlal.
  1151 | D:2      | Reached XP level 4. HP: 37/37 MP: 4/4
  1415 | D:3      | Found an ornate altar of the Wu Jian Council.
  1852 | D:3      | Noticed a water moccasin
  1879 | D:2      | HP: 1/38 [frilled lizard (2)]
  1887 | D:2      | Killed a water moccasin
  1887 | D:2      | Reached skill level 5 in Fighting
  1887 | D:2      | Reached XP level 5. HP: 2/44 MP: 5/5
  2211 | D:3      | Found a faded altar of an unknown god.
  2211 | D:3      | Found a faded altar of an unknown god.
  2218 | D:3      | Found a glowing silver altar of Zin.
  2220 | D:3      | Found a radiant altar of Vehumet.
  2221 | D:3      | Found a hide-covered altar of Uskayaw.
  2442 | D:4      | Found a sparkling altar of Nemelex Xobeh.
  2448 | D:4      | Noticed a phantom
  2452 | D:4      | Reached XP level 6. HP: 44/51 MP: 6/6
  2463 | D:4      | Killed a phantom
  2854 | D:4      | Reached XP level 7. HP: 16/57 MP: 7/7
  3144 | D:4      | Reached skill level 5 in Long Blades
  3197 | D:4      | Reached skill level 6 in Fighting
  3415 | D:4      | Found Rungiutwo's Jewellery Shoppe.
  3453 | D:4      | Found Fajaurph's Book Shop.
  3566 | D:5      | Entered Level 5 of the Dungeon
  3616 | D:5      | Noticed Edmund
  3625 | D:5      | Killed Edmund
  3641 | D:5      | Found Orin's Antique Weapon Shop.
  3655 | D:5      | Noticed Shinoi's ghost (amateur DsGl)
  3698 | D:5      | Killed Shinoi's ghost
  3794 | D:5      | Noticed Pikel
  3836 | D:5      | Killed Pikel
  3836 | D:5      | Reached skill level 7 in Fighting
  3836 | D:5      | Reached skill level 5 in Dodging
  3836 | D:5      | Reached XP level 8. HP: 23/67 MP: 8/8
  4068 | D:5      | Found Qackiusu's Food Boutique.
  4134 | D:5      | Found Pacaqo's Antique Weapon Shoppe.
  4247 | D:5      | Found Vuckino's Gadget Shoppe.
  4292 | D:5      | Found Tuafus's Book Shop.
  4297 | D:5      | Noticed Blork the orc
  4303 | D:5      | Killed Blork the orc
  4404 | D:5      | Found Noilua's Serpentskin Sales.
  4420 | D:5      | Reached skill level 8 in Fighting
  4430 | D:5      | Bought a +2 robe of poison resistance for 191 gold pieces
  4658 | D:6      | Reached XP level 9. HP: 58/74 MP: 9/9
  4970 | D:6      | Reached skill level 5 in Armour
  4992 | D:6      | Noticed Eustachio
  5042 | D:6      | Killed Eustachio
  5042 | D:6      | Reached skill level 5 in Shields
  5488 | D:7      | Found Tiqa's Magic Scroll Emporium.
  5498 | D:7      | Bought a scroll of remove curse for 36 gold pieces
  5525 | D:7      | Found Zoemaozu's Magic Scroll Boutique.
  5552 | D:7      | Found an opulent altar of Gozag.
  5769 | D:7      | Found Onnysuhuy's Magic Scroll Emporium.
  5879 | D:7      | Found a staircase to the Ecumenical Temple.
  5884 | Temple   | Entered the Ecumenical Temple
  6085 | Temple   | Became a worshipper of Cheibriados the Contemplative
  6201 | D:7      | Reached skill level 9 in Fighting
  6201 | D:7      | Reached skill level 1 in Invocations
  6309 | D:7      | Reached XP level 10. HP: 38/83 MP: 12/12
  6358 | D:7      | Reached * piety under Cheibriados
  6936 | D:8      | Found a bloodstained altar of Trog.
  6989 | D:8      | Noticed Erica
  7726 | D:8      | Noticed a two-headed ogre
  7749 | D:8      | Killed a two-headed ogre
  7749 | D:8      | Reached skill level 10 in Fighting
  7749 | D:8      | Reached skill level 5 in Invocations
  7802 | D:8      | HP: 3/127 [warg (10)]
  7804 | D:8      | HP: 1/127 [warg (2)]
  8196 | D:8      | Noticed a two-headed ogre
  8293 | D:8      | HP: 2/85 [warg (8)]
  8295 | D:8      | Slain by a warg

Vault maps used:
D:1:      dpeg_arrival_short_road
D:2:      lemuel_crystal_altar, lemuel_round_altar
D:3:      nicolae_overflow_crystal_walls, chequers_temple_overflow_minitemple
D:4:      nemelex_xobeh_ov_fountains_minmay, first_bread, serial_shops,
          kennysheep_little_box, shop
D:5:      serial_shops, shop, nicolae_shop_temple_entry_statues_fountains,
          shop_statue, shop, kennysheep_mini, guppyfry_shop_venom, uniq_edmund,
          uniq_blork_the_orc, uniq_pikel
D:6:      uniq_eustachio
D:7:      grunt_gozag_statues, minmay_temple_entry_nine_rooms, serial_shops,
          nicolae_shop_behind_doors, nicolae_shop_behind_doors,
          nicolae_shop_stone, grunt_livestock
D:8:      lemuel_castle_with_subvaults, trog_three_pillars_becter,
          uniq_prince_ribbit1, uniq_erica
Temple:   nicolae_temple_figure_eight

Skill      XL: |  1  2  3  4  5  6  7  8  9 10 |
---------------+-------------------------------+-----
Fighting       | 4 5 7 8 9 10 | 10.3
Armour         | 4 5 |  5.4
Shields        | 4 6 7 |  7.2
Long Blades    | 3 4 6 7 9 |  9.7
Dodging        | 2 3 5 6 |  6.2
Invocations    | 3 5 |  5.7

Action                   |  1- 3 |  4- 6 |  7- 9 | 10-12 || total
-------------------------+-------+-------+-------+-------++-------
Melee: Long sword        |   105 |   149 |   316 |   147 ||   717
Throw: Tomahawk          |       |     2 |    12 |     7 ||    21
Invok: Bend Time         |       |       |       |     7 ||     7
 Abil: Hop               |       |     2 |     2 |     4 ||     8
Evoke: Wand              |       |       |       |    11 ||    11
  Use: Scroll            |     8 |     5 |     4 |     6 ||    23
       Potion            |     1 |     6 |     3 |     5 ||    15
 Stab: Invisible         |       |       |     3 |       ||     3
  Eat: Chunk             |     1 |     4 |     9 |     3 ||    17
       Fruit             |       |     2 |       |       ||     2
       Bread ration      |       |       |     1 |       ||     1
Armor: Scale mail        |    45 |    73 |    10 |       ||   128
       Chain mail        |       |       |    35 |       ||    35
       Leather armour    |       |       |    65 |    22 ||    87
       Robe              |       |       |     4 |       ||     4
       Skin              |       |       |       |     5 ||     5
Dodge: Dodged            |    36 |    73 |   141 |   121 ||   371
Block: Shield            |    63 |   107 |   168 |   130 ||   468
       Rpst.: Long sword |     8 |    19 |    44 |    42 ||   113
